TOP OF THE 1ST |
Scranton Supernovas batting - Pitching for Hamilton Coyotes : RHP Jesús Castillo
|
Pitching: RHP Jesús Castillo
|
|
Batting: RHB Yong-ho Jheon
|
0-0: Ball 1-0: SINGLE (Groundball, 56D, EV 98.1 MPH)
|
Batting: SHB John Clements
|
0-0: Called Strike 0-1: Ball 1-1: Fly out, F7 (Flyball, 7LS, EV 85.0 MPH)
|
Batting: LHB Ken Norris
|
0-0: Called Strike 0-1: SINGLE (Groundball, 4D, EV 106.2 MPH) Yong-ho Jheon to second
|
Batting: RHB Phil Moore
|
0-0: Called Strike 0-1: Ball 1-1: Foul Ball, location: 2F 1-2: Ball 2-2: SINGLE (Line Drive, 7S, EV 111.2 MPH) Yong-ho Jheon to third Ken Norris to second
|
Batting: LHB Guan-pei Bei
|
0-0: Ball 1-0: Fielders Choice at 2nd, 4-6 (Groundball, 4, EV 106.2 MPH) Yong-ho Jheon scores Ken Norris to third
|
Batting: RHB Guillermo Alessandrini
|
0-0: Foul Ball, location: 2F 0-1: Ball 1-1: Ball 2-1: Swinging Strike 2-2: Ball 3-2: Base on Balls Guan-pei Bei to second
|
Batting: LHB Quentin Batkin
|
0-0: Ball 1-0: Swinging Strike 1-1: Called Strike 1-2: Ball 2-2: Foul Ball, location: 2F 2-2: DOUBLE (Line Drive, 78D, EV 107.5 MPH) Ken Norris scores Guan-pei Bei scores Guillermo Alessandrini to third Runner from 3rd tries for Home, SAFE, throw by LF to home
|
Batting: RHB César Ferreira
|
0-0: Ground out 1-3 (Groundball, 13, EV 93.1 MPH)
|
Top of the 1st over - 4 runs, 4 hits, 0 errors, 1 left on base; Scranton 4 - Hamilton 0 |
BOTTOM OF THE 1ST |
Hamilton Coyotes batting - Pitching for Scranton Supernovas : RHP Jay Newton
|
Pitching: RHP Jay Newton
|
|
Batting: SHB Marcos Román
|
0-0: Ball 1-0: Foul Ball, location: 2F 1-1: Ball 2-1: Called Strike 2-2: Foul Ball, location: 2F 2-2: Ball 3-2: Fly out, F9 (Flyball, 9S, EV 85.6 MPH)
|
Batting: SHB Aristotle Auer
|
0-0: Ball 1-0: Foul Ball, location: 2F 1-1: Ball 2-1: Ball 3-1: Foul Ball, location: 2F 3-2: SINGLE (Groundball, 6MD, EV 104.4 MPH)
|
Batting: RHB Takenao Wakabayashi
|
0-0: Fielders Choice at 2nd, 5-4 (Groundball, 56, EV 106.9 MPH)
|
Batting: SHB Alex Warner
|
0-0: Foul Ball, location: 2F 0-1: Called Strike 0-2: Ball 1-2: Foul Ball, location: 2F 1-2: Strikes out swinging
|
Bottom of the 1st over - 0 runs, 1 hit, 0 errors, 1 left on base; Scranton 4 - Hamilton 0 |
TOP OF THE 2ND |
Scranton Supernovas batting - Pitching for Hamilton Coyotes : RHP Jesús Castillo
|
Batting: RHB Domingo Cabrera
|
0-0: Ball 1-0: Ball 2-0: Fly out, F7 (Flyball, 7LM, EV 87.5 MPH)
|
Batting: RHB Yong-ho Jheon
|
0-0: Ball 1-0: Ball 2-0: Ball 3-0: Base on Balls
|
Batting: SHB John Clements
|
0-0: Ball Yong-ho Jheon steals 2nd base 1-0: Ball Yong-ho Jheon is caught stealing 3rd base 2-5 2-0: Called Strike 2-1: SINGLE (Groundball, 15S, EV 63.8 MPH) (infield hit)
|
Batting: LHB Ken Norris
|
0-0: Called Strike 0-1: Foul Ball, location: 2F 0-2: Ball 1-2: SINGLE (Line Drive, 9S, EV 92.5 MPH) John Clements to second Runner from 2nd tries for 3rd, SAFE, no throw by RF
|
Batting: RHB Phil Moore
|
0-0: Ball 1-0: Fly out, F7 (Flyball, 7LSF, EV 87.5 MPH)
|
Top of the 2nd over - 0 runs, 2 hits, 0 errors, 2 left on base; Scranton 4 - Hamilton 0 |
BOTTOM OF THE 2ND |
Hamilton Coyotes batting - Pitching for Scranton Supernovas : RHP Jay Newton
|
Batting: RHB Michael Collier
|
0-0: Ball 1-0: Ball 2-0: Ball 3-0: Called Strike 3-1: Swinging Strike 3-2: Fly out, F9 (Flyball, 9LD, EV 92.5 MPH)
|
Pinch Hitting: RHB Cary Collins
|
0-0: Ball 1-0: Ball 2-0: Ball 3-0: Called Strike 3-1: SINGLE (Groundball, 56D, EV 101.2 MPH)
|
Batting: RHB Rey McSriff
|
0-0: Called Strike 0-1: Foul Ball, location: 2F 0-2: Ball 1-2: Strikes out swinging
|
Batting: RHB Gary Goodwin
|
0-0: Ball 1-0: Ball 2-0: Ball 3-0: Base on Balls Cary Collins to second
|
Batting: RHB Kazunari Mizuno
|
0-0: Foul Ball, location: 2F 0-1: Fielders Choice at 2nd, 6-4 (Groundball, 56, EV 79.4 MPH)
|
Bottom of the 2nd over - 0 runs, 1 hit, 0 errors, 2 left on base; Scranton 4 - Hamilton 0 |
TOP OF THE 3RD |
Scranton Supernovas batting - Pitching for Hamilton Coyotes : RHP Jesús Castillo
|
Now at 3B: Cary Collins
|
|
Batting: LHB Guan-pei Bei
|
0-0: Called Strike 0-1: Fly out, F9 (Flyball, 9D, EV 103.8 MPH)
|
Batting: RHB Guillermo Alessandrini
|
0-0: Foul Ball, location: 2F 0-1: Ball 1-1: Foul Ball, location: 2F 1-2: Ball 2-2: Strikes out swinging
|
Batting: LHB Quentin Batkin
|
0-0: Ball 1-0: Ball 2-0: Called Strike 2-1: Called Strike 2-2: Ground out U3 (Groundball, 3, EV 83.8 MPH)
|
Top of the 3rd over - 0 runs, 0 hits, 0 errors, 0 left on base; Scranton 4 - Hamilton 0 |
BOTTOM OF THE 3RD |
Hamilton Coyotes batting - Pitching for Scranton Supernovas : RHP Jay Newton
|
Batting: SHB Marcos Román
|
0-0: DOUBLE (Flyball, 8LXD, EV 112.5 MPH)
|
Batting: SHB Aristotle Auer
|
0-0: Called Strike 0-1: Ball 1-1: Ball 2-1: Ground out 6-3 (Groundball, 6M, EV 86.9 MPH) Marcos Román to third
|
Batting: RHB Takenao Wakabayashi
|
0-0: Ball 1-0: Foul Ball, location: 2F 1-1: Called Strike 1-2: Strikes out swinging
|
Batting: SHB Alex Warner
|
0-0: Ball 1-0: DOUBLE (Line Drive, 89M, EV 103.1 MPH) Marcos Román scores
|
Batting: RHB Michael Collier
|
0-0: Ball 1-0: Ball 2-0: Ground out 6-3 (Groundball, 6, EV 85.6 MPH)
|
Bottom of the 3rd over - 1 run, 2 hits, 0 errors, 1 left on base; Scranton 4 - Hamilton 1 |
TOP OF THE 4TH |
Scranton Supernovas batting - Pitching for Hamilton Coyotes : RHP Jesús Castillo
|
Batting: RHB César Ferreira
|
0-0: Called Strike 0-1: Ball 1-1: Foul Ball, location: 2F 1-2: Foul Ball, location: 2F 1-2: Foul Ball, location: 2F 1-2: Foul Ball, location: 2F 1-2: Strikes out swinging
|
Batting: RHB Domingo Cabrera
|
0-0: SINGLE (Groundball, 34D, EV 95.0 MPH)
|
Batting: RHB Yong-ho Jheon
|
0-0: Ball 1-0: Swinging Strike 1-1: Swinging Strike 1-2: SINGLE (Groundball, 6MD, EV 101.2 MPH) Domingo Cabrera to second
|
Batting: SHB John Clements
|
0-0: Called Strike 0-1: Foul Ball, location: 2F 0-2: Ball 1-2: Ball 2-2: Fielders Choice at 2nd, 3-6 (Groundball, 3, EV 85.0 MPH) Domingo Cabrera to third
|
Batting: LHB Ken Norris
|
0-0: Ball 1-0: Called Strike 1-1: Ball 2-1: Swinging Strike 2-2: Ball 3-2: SINGLE (Line Drive, 8LS, EV 93.1 MPH) Domingo Cabrera scores John Clements to second John Clements to third
|
Batting: RHB Phil Moore
|
0-0: Swinging Strike 0-1: Called Strike 0-2: Ball 1-2: Foul Ball, location: 2F 1-2: Ball 2-2: Ball 3-2: Base on Balls Ken Norris to second
|
Batting: LHB Guan-pei Bei
|
0-0: Foul Ball, location: 2F 0-1: Ball 1-1: Ball 2-1: Ground out 4-3 (Groundball, 4, EV 91.2 MPH)
|
Top of the 4th over - 1 run, 3 hits, 0 errors, 3 left on base; Scranton 5 - Hamilton 1 |
BOTTOM OF THE 4TH |
Hamilton Coyotes batting - Pitching for Scranton Supernovas : RHP Jay Newton
|
Batting: RHB Cary Collins
|
0-0: Called Strike 0-1: Foul Ball, location: 2F 0-2: Strikes out looking
|
Batting: RHB Rey McSriff
|
0-0: Ball 1-0: Called Strike 1-1: Called Strike 1-2: Hit by Pitch
|
Batting: RHB Gary Goodwin
|
0-0: Called Strike 0-1: Ball 1-1: Swinging Strike 1-2: Strikes out swinging
|
Batting: RHB Kazunari Mizuno
|
0-0: Ball 1-0: Called Strike 1-1: Swinging Strike 1-2: Ball 2-2: Ball 3-2: Foul Ball, location: 2F 3-2: Strikes out swinging
|
Bottom of the 4th over - 0 runs, 0 hits, 0 errors, 1 left on base; Scranton 5 - Hamilton 1 |
TOP OF THE 5TH |
Scranton Supernovas batting - Pitching for Hamilton Coyotes : RHP Jesús Castillo
|
Batting: RHB Guillermo Alessandrini
|
0-0: Ball 1-0: Ball 2-0: DOUBLE (Line Drive, 89XD, EV 100.0 MPH)
|
Batting: LHB Quentin Batkin
|
0-0: Intentional Walk
|
Pitching: LHP Gerald Emerson
|
|
Batting: RHB César Ferreira
|
0-0: Called Strike 0-1: Ball 1-1: Swinging Strike 1-2: Strikes out swinging
|
Batting: RHB Domingo Cabrera
|
0-0: Ball 1-0: Ball 2-0: Called Strike 2-1: Swinging Strike 2-2: Strikes out swinging
|
Batting: RHB Yong-ho Jheon
|
0-0: Ball 1-0: Ball 2-0: Ball 3-0: Base on Balls Guillermo Alessandrini to third Quentin Batkin to second
|
Batting: SHB John Clements
|
0-0: Ball 1-0: Ball 2-0: Foul Ball, location: 2F 2-1: Ball 3-1: Base on Balls Guillermo Alessandrini scores Quentin Batkin to third Yong-ho Jheon to second
|
Batting: LHB Ken Norris
|
0-0: Swinging Strike 0-1: Ball 1-1: Swinging Strike 1-2: Foul Ball, location: 2F 1-2: SINGLE (Line Drive, 89M, EV 100.6 MPH) Quentin Batkin scores Yong-ho Jheon to third John Clements to second Runner from 3rd tries for Home, SAFE, throw by RF to home
|
Batting: RHB Phil Moore
|
0-0: Called Strike 0-1: Foul Ball, location: 2F 0-2: Fly out, F6 (Line Drive, 6, EV 71.2 MPH)
|
Top of the 5th over - 3 runs, 2 hits, 0 errors, 2 left on base; Scranton 8 - Hamilton 1 |
BOTTOM OF THE 5TH |
Hamilton Coyotes batting - Pitching for Scranton Supernovas : RHP Jay Newton
|
Batting: SHB Marcos Román
|
0-0: Foul Ball, location: 2F 0-1: Called Strike 0-2: Ball 1-2: Strikes out swinging
|
Batting: SHB Aristotle Auer
|
0-0: Called Strike 0-1: Reached on error, E5 (Groundball, 5L, EV 79.4 MPH)
|
Batting: RHB Takenao Wakabayashi
|
0-0: Ball 1-0: Called Strike 1-1: Ball 2-1: Called Strike 2-2: Ball 3-2: SINGLE (Line Drive, 8LS, EV 98.1 MPH) Aristotle Auer to second Aristotle Auer to third
|
Batting: SHB Alex Warner
|
0-0: Called Strike 0-1: Foul Ball, location: 2F 0-2: SINGLE (Groundball, 6MD, EV 108.1 MPH) Aristotle Auer scores Takenao Wakabayashi to second
|
Batting: RHB Michael Collier
|
0-0: Called Strike 0-1: Ball 1-1: Ball 2-1: Grounds into double play, 1-4-3 (Groundball, 15, EV 86.9 MPH)
|
Bottom of the 5th over - 1 run, 2 hits, 1 error, 1 left on base; Scranton 8 - Hamilton 2 |
TOP OF THE 6TH |
Scranton Supernovas batting - Pitching for Hamilton Coyotes : LHP Gerald Emerson
|
Batting: LHB Guan-pei Bei
|
0-0: Ball 1-0: Called Strike 1-1: Called Strike 1-2: Ball 2-2: Strikes out looking
|
Batting: RHB Guillermo Alessandrini
|
0-0: Called Strike 0-1: Ball 1-1: Swinging Strike 1-2: Foul Ball, location: 2F 1-2: SINGLE (Groundball, 56D, EV 106.2 MPH)
|
Batting: LHB Quentin Batkin
|
0-0: Swinging Strike 0-1: Fly out, F7 (Line Drive, 7, EV 87.5 MPH)
|
Batting: RHB César Ferreira
|
0-0: Ball 1-0: Ground out 6-3 (Groundball, 6S, EV 67.5 MPH)
|
Top of the 6th over - 0 runs, 1 hit, 0 errors, 1 left on base; Scranton 8 - Hamilton 2 |
BOTTOM OF THE 6TH |
Hamilton Coyotes batting - Pitching for Scranton Supernovas : RHP Jay Newton
|
Batting: RHB Cary Collins
|
0-0: Ball 1-0: Fly out, F6 (Line Drive, 6, EV 73.1 MPH)
|
Batting: RHB Rey McSriff
|
0-0: Called Strike 0-1: SINGLE (Groundball, 34, EV 85.0 MPH) (infield hit)
|
Batting: RHB Gary Goodwin
|
0-0: Called Strike 0-1: Ball 1-1: Ball 2-1: Foul Ball, location: 2F 2-2: Foul Ball, location: 2F 2-2: Ball 3-2: Grounds into double play, 6-4-3 (Groundball, 6, EV 83.1 MPH)
|
Bottom of the 6th over - 0 runs, 1 hit, 0 errors, 0 left on base; Scranton 8 - Hamilton 2 |
TOP OF THE 7TH |
Scranton Supernovas batting - Pitching for Hamilton Coyotes : LHP Gerald Emerson
|
Batting: RHB Domingo Cabrera
|
0-0: Ball 1-0: SINGLE (Line Drive, 78S, EV 103.8 MPH)
|
Batting: RHB Yong-ho Jheon
|
0-0: Swinging Strike 0-1: Called Strike 0-2: Ball 1-2: DOUBLE (Line Drive, 78D, EV 108.8 MPH) Domingo Cabrera to third Runner from 3rd tries for Home, SAFE, throw by LF to home
|
Batting: SHB John Clements
|
0-0: Called Strike 0-1: Ball 1-1: Foul Ball, location: 2F 1-2: Ball 2-2: Foul Ball, location: 2F 2-2: Foul Ball, location: 2F 2-2: Ball 3-2: Fly out, F4 (Popup, 4, EV 65.6 MPH)
|
Batting: LHB Ken Norris
|
0-0: Ball 1-0: Ball 2-0: Ball 3-0: Base on Balls
|
Pinch Hitting: RHB Beco Bnard
|
0-0: Reached on error, E5 (Groundball, 56S, EV 67.5 MPH) Yong-ho Jheon to third Ken Norris to second
|
Pinch Hitting: LHB Bill Stanton
|
0-0: Ball 1-0: Ball 2-0: SINGLE (Flyball, 78S, EV 92.5 MPH) Yong-ho Jheon scores Ken Norris to third Beco Bnard to second
|
Batting: RHB Guillermo Alessandrini
|
0-0: Ball 1-0: Ball 2-0: Swinging Strike 2-1: Called Strike 2-2: Ball 3-2: Base on Balls Ken Norris scores Beco Bnard to third Bill Stanton to second
|
Pitching: LHP Dong Zhào
|
|
Batting: LHB Quentin Batkin
|
0-0: Called Strike 0-1: Foul Ball, location: 2F 0-2: Ball 1-2: Strikes out swinging
|
Batting: RHB César Ferreira
|
0-0: Ball 1-0: Foul Ball, location: 2F 1-1: Foul Ball, location: 2F 1-2: Ground out 6-3 (Groundball, 6, EV 79.4 MPH)
|
Top of the 7th over - 3 runs, 3 hits, 1 error, 3 left on base; Scranton 11 - Hamilton 2 |
BOTTOM OF THE 7TH |
Hamilton Coyotes batting - Pitching for Scranton Supernovas : RHP Jay Newton
|
Now at 1B: Bill Stanton
|
|
Now in LF: Beco Bnard
|
|
Batting: RHB Kazunari Mizuno
|
0-0: Called Strike 0-1: Ball 1-1: Ground out 6-3 (Groundball, 56, EV 82.5 MPH)
|
Batting: SHB Marcos Román
|
0-0: Ball 1-0: Fly out, F5 (Popup, 5L, EV 63.1 MPH)
|
Batting: SHB Aristotle Auer
|
0-0: Foul Ball, location: 2F 0-1: Ball 1-1: Ball 2-1: Ground out U3 (Groundball, 3, EV 100.0 MPH)
|
Bottom of the 7th over - 0 runs, 0 hits, 0 errors, 0 left on base; Scranton 11 - Hamilton 2 |
TOP OF THE 8TH |
Scranton Supernovas batting - Pitching for Hamilton Coyotes : LHP Dong Zhào
|
Batting: RHB Domingo Cabrera
|
0-0: Foul Ball, location: 2F 0-1: Swinging Strike 0-2: Ball 1-2: Strikes out looking
|
Batting: RHB Yong-ho Jheon
|
0-0: Fly out, F8 (Flyball, 8LM, EV 88.1 MPH)
|
Batting: SHB John Clements
|
0-0: Called Strike 0-1: Ball 1-1: Foul Ball, location: 2F 1-2: Strikes out looking
|
Top of the 8th over - 0 runs, 0 hits, 0 errors, 0 left on base; Scranton 11 - Hamilton 2 |
BOTTOM OF THE 8TH |
Hamilton Coyotes batting - Pitching for Scranton Supernovas : RHP Jay Newton
|
Pitching: RHP Felipe Arreola
|
|
Batting: RHB Takenao Wakabayashi
|
0-0: Swinging Strike 0-1: Ball 1-1: Foul Ball, location: 2F 1-2: Strikes out looking
|
Batting: SHB Alex Warner
|
0-0: Called Strike 0-1: Ball 1-1: Foul Ball, location: 2F 1-2: Foul Ball, location: 2F 1-2: Foul Ball, location: 2F 1-2: Foul Ball, location: 2F 1-2: Strikes out swinging
|
Batting: RHB Michael Collier
|
0-0: Called Strike 0-1: Ball 1-1: Called Strike 1-2: Ball 2-2: Foul Ball, location: 2F 2-2: Ball 3-2: Foul Ball, location: 2F 3-2: Base on Balls
|
Batting: RHB Cary Collins
|
0-0: Ball 1-0: Fly out, F8 (Flyball, 8LM, EV 74.4 MPH)
|
Bottom of the 8th over - 0 runs, 0 hits, 0 errors, 1 left on base; Scranton 11 - Hamilton 2 |
TOP OF THE 9TH |
Scranton Supernovas batting - Pitching for Hamilton Coyotes : LHP Dong Zhào
|
Pitching: RHP Hansky Paillant
|
|
Batting: LHB Ken Norris
|
0-0: Foul Ball, location: 2F 0-1: Ball 1-1: DOUBLE (Line Drive, 7LM, EV 107.5 MPH)
|
Batting: RHB Beco Bnard
|
0-0: Foul Ball, location: 2F 0-1: Ball 1-1: Called Strike 1-2: Ball 2-2: Strikes out looking
|
Pinch Hitting: RHB Gene Wilson
|
0-0: Fly out, F7 (Flyball, 7S, EV 90.6 MPH)
|
Batting: RHB Guillermo Alessandrini
|
0-0: Called Strike 0-1: Swinging Strike 0-2: Ball 1-2: SINGLE (Line Drive, 4D, EV 105.6 MPH) Ken Norris to third
|
Batting: LHB Quentin Batkin
|
0-0: Ball 1-0: Ball 2-0: Called Strike 2-1: Foul Ball, location: 2F 2-2: Foul Ball, location: 2F 2-2: Foul Ball, location: 2F 2-2: Foul Ball, location: 2F 2-2: Foul Ball, location: 2F 2-2: Foul Ball, location: 2F 2-2: Ground out 1-3 (Groundball, 13, EV 87.5 MPH)
|
Top of the 9th over - 0 runs, 2 hits, 0 errors, 2 left on base; Scranton 11 - Hamilton 2 |
BOTTOM OF THE 9TH |
Hamilton Coyotes batting - Pitching for Scranton Supernovas : RHP Felipe Arreola
|
Now at 1B: Gene Wilson
|
|
Pinch Hitting: RHB Barney Paul
|
0-0: Fly out, F9 (Line Drive, 9, EV 90.6 MPH)
|
Pinch Hitting: LHB Marc Ben
|
0-0: Ball 1-0: Ball 2-0: Ground out 1-3 (Groundball, 13S, EV 65.0 MPH)
|
Batting: RHB Kazunari Mizuno
|
0-0: Ground out 4-3 (Groundball, 4, EV 87.5 MPH)
|
Bottom of the 9th over - 0 runs, 0 hits, 0 errors, 0 left on base; Scranton 11 - Hamilton 2 |
|